 Dungeon Crawl Stone Soup version 0.21-a0-396-ga924934 (webtiles) character file.

1570 Mitsuki the Skirmisher (level 8, -1/73 HPs)
             Began as a Hill Orc Fighter on Oct 15, 2017.
             Slain by an orc warrior
             ... wielding a +0 battleaxe
              (13 damage)
             ... on level 6 of the Dungeon on Oct 19, 2017.
             The game lasted 00:15:17 (5702 turns).

Mitsuki the Skirmisher (Hill Orc Fighter)           Turns: 5702, Time: 00:15:18

Health: -1/73      AC: 15    Str: 26    XL:     8   Next: 90%
Magic:  9/9        EV:  5    Int:  8    God:
Gold:   270        SH: 11    Dex: 10    Spells: 7/7 levels left

rFire    + . .     SeeInvis .   E - +0 falchion
rCold    . . .     Gourm    .   c - +0 shield
rNeg     . . .     Faith    .   a - +0 plate armour
rPois    .         Spirit   .   e - +0 helmet (curse)
rElec    .         Reflect  .   (no cloak)
rCorr    .         Harm     .   n - +0 pair of gloves (curse)
MR       .....                  (no boots)
Stlth    ..........             (no amulet)
HPRegen  0.22/turn              u - ring of protection from fire
MPRegen  0.11/turn              (no ring)

@: mighty
A: no striking features
a: no special abilities


You were on level 6 of the Dungeon.
You were not hungry.

You visited 1 branch of the dungeon, and saw 6 of its levels.

You collected 309 gold pieces.
You spent 39 gold pieces at shops.

Inventory:

Hand Weapons
 E - a +0 falchion (weapon)
Armour
 a - a +0 plate armour (worn)
 c - a +0 shield (worn)
 e - a cursed +0 helmet (worn)
 n - a cursed +0 pair of gloves (worn)
Jewellery
 u - a ring of protection from fire (left hand)
Wands
 y - a wand of paralysis (9/24)
Scrolls
 b - 2 scrolls of blinking {unknown}
 h - 5 scrolls of remove curse {unknown}
 i - 4 scrolls of identify {unknown}
 j - 4 scrolls of teleportation {unknown}
 m - 3 scrolls of magic mapping {unknown}
 p - a scroll of noise {unknown}
 q - a scroll of amnesia {unknown}
 x - a scroll of random uselessness {unknown}
 C - 2 scrolls of recharging {unknown}
Potions
 d - a potion of experience {unknown}
 k - a potion of resistance {unknown}
 l - 3 potions of curing
 r - a potion of degeneration {unknown}
 s - 2 potions of haste {unknown}
 w - a potion of flight {unknown}
 z - a potion of brilliance {unknown}
 A - a potion of heal wounds {unknown}
 B - 2 potions of lignification {unknown}
Books
 D - a book of Minor Magic

   Spells                             Type                      Level
   a - Magic Dart                     Conjuration                  1
   b - Blink                          Translocation                2
   c - Call Imp                       Summoning                    2
   d - Slow                           Hexes                        2
   e - Conjure Flame                  Conjuration/Fire             3
   f - Mephitic Cloud                 Conjuration/Poison/Air       3
Comestibles
 f - 3 bread rations
 g - 2 royal jellies
 o - 2 chunks of flesh
 v - 2 meat rations


   Skills:
 + Level 7.2 Fighting
 + Level 6.1 Long Blades
 + Level 6.6 Armour
 + Level 6.7 Shields
 + Level 2.1 Evocations


You had 7 spell levels left.
You didn't know any spells.

Dungeon Overview and Level Annotations

Branches:
Dungeon (6/15)
 Temple: D:4-7

Altars:
Nemelex Xobeh
Yredelemnul

Shops:
D:5 (


Message History

The orc warrior hits you with a battleaxe.
* * * LOW HITPOINT WARNING * * *
You take 2 damage, and have 11/73 hp.
You hit the orc warrior but do no damage.
The orc warrior is heavily wounded.
The orc warrior hits you but does no damage.
Your plate armour prevents you from hitting the orc warrior.
The orc warrior is heavily wounded.
You block the orc warrior's attack.
You hit the orc warrior but do no damage.
The orc warrior is heavily wounded.
Your shield and plate armour prevent you from hitting the orc warrior.
The orc warrior is heavily wounded.
The orc warrior barely misses you.
You feel very mighty all of a sudden. You block the orc warrior's attack.
You closely miss the orc warrior.
The orc warrior is heavily wounded.
The orc warrior hits you with a battleaxe!
You die...

. ###...# ##..#...#. .
###...#.# #..##.....
.###...###(.##.## ..8.
..#..### ##.##.#### .. .
#...## #.##....####.8.
#..### #.#####......#
.....# #.## #..###..#
.....######..####).###..
.....#.........o@........
....................>....
...o..............#......
.....###.................
...<.# ###...#####.......
##..## #...### #......
##.####.### ......
###.##...# ....
....)).###


You could see an orc warrior.

Vanquished Creatures
  Grinder (D:3)
  Eustachio (D:5)
  A human (D:2)
  Menkaure (D:5)
  A water moccasin (D:6)
  A necrophage (D:5)
  An orc warrior (D:6)
  A centaur (D:5)
  A bullfrog (D:6)
  2 crimson imps
  A hound (D:4)
  An orc priest (D:3)
  7 orc wizards
  3 worker ants
  6 adders
  4 gnolls (D:5)
  An adder zombie (D:5)
  2 worms
  A dart slug (D:3)
  A leopard gecko (D:6)
  9 orcs
  4 ball pythons
  6 bats
  2 giant cockroaches
  3 hobgoblins
  10 jackals
  2 quokkas
  3 frilled lizards
  3 goblins
  9 kobolds
  A kobold skeleton (D:2)
  A quokka skeleton (D:4)
  2 rats
93 creatures vanquished.

Notes
Turn   | Place    | Note
-------+----------+-------------------------------------------
     0 | D:1      | Mitsuki the Hill Orc Fighter began the quest for the Orb.
     0 | D:1      | Reached XP level 1. HP: 19/19 MP: 1/1
   256 | D:1      | Upgraded the game from 0.21-a0-368-g45f8505 to 0.21-a0-396-ga924934
   433 | D:1      | Reached XP level 2. HP: 27/27 MP: 2/2
   916 | D:2      | Reached skill level 4 in Fighting
   970 | D:2      | Reached XP level 3. HP: 30/33 MP: 3/3
  1259 | D:2      | Found a runed door.
  1259 | D:2      | Noticed a human
  1275 | D:2      | Found a basalt altar of Yredelemnul.
  1371 | D:2      | Killed a human
  1371 | D:2      | Reached XP level 4. HP: 30/41 MP: 4/4
  1371 | D:2      | Reached XP level 5. HP: 34/47 MP: 5/5
  1838 | D:3      | Reached skill level 5 in Fighting
  1838 | D:3      | Reached XP level 6. HP: 22/56 MP: 6/6
  2129 | D:3      | Noticed Grinder
  2129 | D:3      | Paralysed by Grinder for 2 turns
  2135 | D:3      | Paralysed by Grinder for 7 turns
  2144 | D:3      | Paralysed by Grinder for 2 turns
  2164 | D:3      | HP: 1/56 [Grinder (6)]
  2170 | D:3      | HP: 2/56 [Grinder/nerve-wracking pain (1)]
  2173 | D:3      | Killed Grinder
  2173 | D:3      | Reached skill level 5 in Armour
  2173 | D:3      | Reached skill level 5 in Shields
  2173 | D:3      | Reached XP level 7. HP: 2/61 MP: 7/7
  3056 | D:4      | Found a sparkling altar of Nemelex Xobeh.
  3497 | D:4      | Reached skill level 6 in Fighting
  3636 | D:5      | Entered Level 5 of the Dungeon
  3829 | D:5      | Reached skill level 5 in Long Blades
  4013 | D:5      | Noticed Menkaure
  4023 | D:5      | Killed Menkaure
  4023 | D:5      | Reached XP level 8. HP: 68/71 MP: 8/8
  4088 | D:5      | Noticed Eustachio
  4095 | D:5      | Killed Eustachio
  4406 | D:5      | Found Ehuda's Weapon Boutique.
  4424 | D:5      | Bought a +0 falchion for 39 gold pieces
  4820 | D:6      | Reached skill level 1 in Evocations
  4939 | D:6      | Reached skill level 7 in Fighting
  5702 | D:6      | Slain by an orc warrior

Vault maps used:
D:1:      evilmike_arrival_rings, minivault_27, palyth_stone_intersect,
          minmay_misc_feat_x
D:2:      dk_yredelemnul_ordeal
D:3:      first_bread, uniq_grinder
D:4:      nemelex_xobeh_ov_fountains_minmay, hangedman_decor_push
D:5:      serial_shops, nicolae_shop_temple_entry_statues_fountains,
          uniq_menkaure, uniq_eustachio
D:6:      minmay_temple_entry_statues_pillars

Skill      XL: |  1  2  3  4  5  6  7  8 |
---------------+-------------------------+-----
Fighting       | 4 5 6 7 |  7.2
Long Blades    | 3 4 5 6 |  6.1
Armour         | 4 5 6 |  6.6
Shields        | 4 5 6 |  6.7
Evocations     | 2 |  2.1

Action                   |  1- 3 |  4- 6 |  7- 9 || total
-------------------------+-------+-------+-------++-------
Melee: Long sword        |    95 |    90 |   186 ||   371
       Falchion          |       |       |   152 ||   152
  Use: Potion            |       |     2 |     4 ||     6
  Eat: Chunk             |     1 |     3 |    10 ||    14
       Royal jelly       |       |       |     1 ||     1
Armor: Scale mail        |    29 |       |       ||    29
       Chain mail        |    27 |    55 |   164 ||   246
       Plate armour      |       |       |     4 ||     4
Dodge: Dodged            |    33 |    13 |    69 ||   115
Block: Shield            |    52 |    54 |   175 ||   281
       Rpst.: Long sword |    12 |     3 |    14 ||    29
       Falchion          |       |       |     5 ||     5

Table legend:
 A = Spawn XP
 B = Non-spawn XP
 C = Spawn XP percentage of total XP
 D = Spawn monster count
 E = Non-spawn monster count
 F = Spawn count percentage of total count
 G = Total turns spent on level
                    A         B        C        D         E        F      G
               +---------+---------+-------+---------+---------+-------+---------
         Total |       0 |    2243 |   0.0 |       0 |      93 |   0.0 |  5702
               +---------+---------+-------+---------+---------+-------+---------
           D:1 |       0 |      19 |   0.0 |       0 |      12 |   0.0 |   871
           D:2 |       0 |     218 |   0.0 |       0 |      13 |   0.0 |   772
           D:3 |       0 |     443 |   0.0 |       0 |      26 |   0.0 |  1154
           D:4 |       0 |     281 |   0.0 |       0 |      20 |   0.0 |   870
           D:5 |       0 |     713 |   0.0 |       0 |      10 |   0.0 |  1372
           D:6 |       0 |     569 |   0.0 |       0 |      12 |   0.0 |   663
               +---------+---------+-------+---------+---------+-------+---------
